 Dungeon Crawl Stone Soup version 0.20-a0-493-g19c8d8d (webtiles) character file.

4456 Klosterheim the Arsonist (level 10, 0/59 HPs)
             Began as a Deep Elf Fire Elementalist on Jan 16, 2017.
             Was a Believer of Vehumet.
             Slain by a tentacled starspawn (12 damage)
             ... on level 1 of the Abyss.
             The game lasted 00:29:45 (9816 turns).

Klosterheim the Arsonist (DEFE)                     Turns: 9816, Time: 00:29:46

Health: 0/59       AC:  6    Str:  5    XL:     10   Next: 15%
Magic:  23/23      EV: 15    Int: 24    God:    Vehumet [**....]
Gold:   392        SH:  0    Dex: 15    Spells: 13/23 levels left

rFire    . . .     SeeInvis +   q - +7 dagger (drain)
rCold    . . .     Gourm    .   a - +0 robe
rNeg     . . .     Faith    .   (no shield)
rPois    .         Spirit   .   t - +0 helmet
rElec    .         Reflect  .   s - +0 cloak
rCorr    .         Harm     .   w - +1 pair of gloves
MR       +....                  (no boots)
Stlth    ++........             h - amulet of rage
Regen    0.2/turn               (no ring)
                                j - ring of see invisible

@: about to teleport, very slightly contaminated, invisible
A: no striking features
a: Renounce Religion, Evoke Berserk Rage


You were on level 1 of the Abyss.
You worshipped Vehumet.
Vehumet was pleased with you.
You were not hungry.

You visited 1 branch of the dungeon, and saw 11 of its levels.
You visited the Abyss 1 time.

You collected 392 gold pieces.

Inventory:

Hand Weapons
 q - a +7 dagger of draining (weapon)
Armour
 a - a +0 robe (worn)
 s - a +0 cloak (worn)
 t - a +0 helmet (worn)
 w - a +1 pair of gloves (worn)
Magical Staves
 E - an uncursed staff of poison
Jewellery
 h - an amulet of rage (around neck)
 j - a ring of see invisible (left hand)
 A - an uncursed ring of ice
 F - an uncursed amulet of the gourmand
Wands
 y - a wand of confusion (28/48)
Scrolls
 e - a scroll of recharging
 m - 2 scrolls of enchant weapon
 x - 2 scrolls of amnesia
 B - a scroll of remove curse
Potions
 d - a potion of lignification
 f - a potion of degeneration
 g - a potion of cure mutation
 i - 2 potions of curing
 r - 2 potions of mutation
 u - 2 potions of magic
 v - 2 potions of brilliance
 C - a potion of agility
Books
 b - a book of Flames

   Spells                             Type                      Level
   a - Flame Tongue                   Conjuration/Fire             1
   b - Throw Flame                    Conjuration/Fire             2
   c - Conjure Flame                  Conjuration/Fire             3
   d - Inner Flame                    Hexes/Fire                   3
   e - Sticky Flame                   Conjuration/Fire             4
   f - Fireball                       Conjuration/Fire             5
Comestibles
 c - 4 bread rations
 k - 4 beef jerkies
 n - 2 fruits
 D - 2 meat rations


   Skills:
 - Level 5.0 Fighting
 - Level 6.0 Short Blades
 - Level 5.7 Dodging
 - Level 2.5 Stealth
 + Level 7.3 Spellcasting
 + Level 5.5 Conjurations
 * Level 8.5 Fire Magic
 - Level 5.0 Evocations


You had 13 spell levels left.
You knew the following spells:

 Your Spells              Type           Power        Failure   Level  Hunger
a - Flame Tongue          Conj/Fire      #####        1%          1    None
b - Sticky Flame          Conj/Fire      #####...     4%          4    ###....
c - Fireball              Conj/Fire      #####.....   14%         5    #####..


Dungeon Overview and Level Annotations

Branches:
Dungeon (11/15)            Temple (0/1) D:6
   Lair: D:8-11         Orc: D:9-12

Altars:
Cheibriados
Gozag
Ru
Trog
Vehumet
Zin
The Shining One

Annotations:
D:2 1 runed door
D:4 Sigmund
D:9 Erolcha


Message History

You hit the tentacled starspawn.
The tentacled starspawn is lightly damaged.
The tentacled starspawn completely misses you.
The tentacled starspawn engulfs you!
* * * LOW HITPOINT WARNING * * *
You feel better. The tentacled starspawn misses you.
The tentacled starspawn closely misses you.
You feel better.
You fade into invisibility!
The smoke demon gestures at you.
The sticky flame hits the tentacled starspawn.
The tentacled starspawn is covered in liquid flames!
The tentacled starspawn barely misses you.
The tentacled starspawn engulfs you!
* * * LOW HITPOINT WARNING * * *
You are very lightly contaminated with residual magic.
You feel better.
The tentacled starspawn burns!
The tentacled starspawn closely misses you.
The tentacled starspawn engulfs you!
You die...

#. ## .
─..#.. ##.
# ..##w .
.## .#...
..# .# ..
#.##...#.
§# #.. # #.
#.##..###
###..#. ###
##.#3## .##
# ##X#..
....
#@#..#.####
#### # # #
. . # #


You could see a tentacled starspawn (burning) and a smoke demon.

Vanquished Creatures
  Pikel (D:4)
  Grinder (D:4)
  A blink frog (Abyss:1)
  A hippogriff (D:8)
  4 yaks (D:7)
  Menkaure (D:4)
  A water moccasin (D:6)
  Duvessa (D:4)
  2 orc warriors
  A sky beast (D:7)
  3 slaves (D:4)
  3 ogres
  2 centaurs
  2 big kobolds (D:9)
  5 bullfrogs
  Dowan (D:4)
  A scorpion (D:3)
  A jelly (D:7)
  5 wights (D:6)
  4 crimson imps
  A centaur zombie (D:5)
  A bullfrog zombie (D:9)
  5 hounds
  2 orc priests
  A gnoll shaman (D:6)
  A bullfrog skeleton (D:4)
  2 iguanas
  4 orc wizards
  4 worker ants
  2 hound skeletons
  7 gnolls
  11 adders
  A shadow imp (D:6)
  An ooze (D:2)
  An adder zombie (D:5)
  A dart slug (D:1)
  2 leopard geckos
  15 orcs
  A ball python (D:5)
  8 giant cockroaches
  12 goblins
  7 hobgoblins
  5 jackals
  4 quokkas
  A bat (D:2)
  4 frilled lizards
  12 kobolds
  A leopard gecko skeleton (D:6)
  A quokka skeleton (D:6)
  5 rats
164 creatures vanquished.

Vanquished Creatures (others)
  Blork the orc (D:4)
  2 starspawn tentacles (Abyss:1)
3 creatures vanquished.

Grand Total: 167 creatures vanquished

Notes
Turn   | Place    | Note
-------+----------+-------------------------------------------
     0 | D:1      | Klosterheim the Deep Elf Fire Elementalist began the quest for the Orb.
     0 | D:1      | Reached XP level 1. HP: 10/10 MP: 6/6
   152 | D:1      | Reached XP level 2. HP: 11/15 MP: 1/8
   500 | D:1      | Reached skill level 4 in Fire Magic
   847 | D:2      | Reached XP level 3. HP: 19/19 MP: 8/10
   873 | D:2      | Found a faded altar of an unknown god.
  1115 | D:2      | Found a runed door.
  1670 | D:3      | Reached XP level 4. HP: 24/24 MP: 9/12
  1719 | D:3      | Learned a level 4 spell: Sticky Flame
  1740 | D:3      | Reached skill level 5 in Fire Magic
  1747 | D:3      | Reached XP level 5. HP: 18/28 MP: 6/13
  1972 | D:3      | Learned a level 5 spell: Fireball
  2291 | D:4      | Noticed Sigmund
  2709 | D:4      | Noticed Menkaure
  2721 | D:5      | Entered Level 5 of the Dungeon
  2730 | D:5      | HP: 1/28 [centaur zombie (5)]
  3173 | D:4      | Noticed Duvessa
  3240 | D:4      | Killed Menkaure
  3240 | D:4      | Reached skill level 5 in Spellcasting
  3240 | D:4      | Reached skill level 6 in Fire Magic
  3240 | D:4      | Reached XP level 6. HP: 14/32 MP: 7/15
  3454 | D:4      | Noticed a slave
  3478 | D:4      | Killed a slave
  3491 | D:4      | Noticed a slave
  3509 | D:4      | Noticed Pikel
  3537 | D:4      | Killed a slave
  3625 | D:4      | Noticed a slave
  3637 | D:4      | Killed a slave
  3649 | D:4      | Killed Pikel
  3649 | D:4      | Reached skill level 7 in Fire Magic
  3649 | D:4      | Reached XP level 7. HP: 24/36 MP: 0/18
  3888 | D:4      | Noticed Grinder
  3981 | D:4      | Noticed Dowan
  3987 | D:4      | Killed Duvessa
  3995 | D:4      | Killed Dowan
  3995 | D:4      | Reached skill level 5 in Conjurations
  4080 | D:4      | Killed Grinder
  4080 | D:4      | Reached skill level 8 in Fire Magic
  4080 | D:4      | Reached XP level 8. HP: 41/41 MP: 12/20
  4099 | D:4      | Found a bloodstained altar of Trog.
  4100 | D:4      | Found a glowing silver altar of Zin.
  4100 | D:4      | Found a snail-covered altar of Cheibriados.
  4103 | D:4      | Found a radiant altar of Vehumet.
  4109 | D:4      | Became a worshipper of Vehumet
  4114 | D:4      | Killed Blork the orc
  4272 | D:5      | Got a jewelled plate armour
  4283 | D:5      | Identified the cursed +0 plate armour of the Saviour {+Blink rPois rF- rC++} (You found it on level 5 of the Dungeon)
  4552 | D:5      | Reached skill level 1 in Short Blades
  4667 | D:5      | Found a sacrificial altar of Ru.
  4682 | D:5      | Reached skill level 1 in Fighting
  6110 | D:6      | Reached * piety under Vehumet
  6110 | D:6      | Offered knowledge of Freeze by Vehumet.
  6388 | D:6      | Reached XP level 9. HP: 14/51 MP: 21/21
  6721 | D:6      | Reached skill level 1 in Evocations
  6758 | D:6      | Found a staircase to the Ecumenical Temple.
  6770 | D:6      | Found an opulent altar of Gozag.
  7760 | D:7      | Reached skill level 5 in Short Blades
  7864 | D:7      | Found a glowing golden altar of the Shining One.
  7910 | D:7      | Reached ** piety under Vehumet
  7936 | D:7      | Offered knowledge of Throw Frost by Vehumet.
  8451 | D:7      | Reached skill level 5 in Fighting
  8851 | D:8      | Reached skill level 5 in Evocations
  9125 | D:8      | You fall through a shaft for 3 floors!
  9125 | D:11     | Noticed a six-headed hydra
  9131 | D:10     | Entered Level 10 of the Dungeon
  9206 | D:9      | Reached XP level 10. HP: 46/59 MP: 22/22
  9363 | D:9      | Reached skill level 5 in Dodging
  9632 | D:9      | Noticed Erolcha
  9635 | D:9      | Cast into level 1 of the Abyss (Erolcha)
  9712 | Abyss:1  | Noticed a wretched star
  9790 | Abyss:1  | Noticed a smoke demon
  9792 | Abyss:1  | Noticed a tentacled starspawn
  9800 | Abyss:1  | HP: 1/59 [smoke demon/sticky flame (3)]
  9812 | Abyss:1  | HP: 1/59 [tentacled starspawn (15)]
  9816 | Abyss:1  | Slain by a tentacled starspawn

Vault maps used:
D:1:      grunt_arrival_lava_bath, minmay_misc_feat_square
D:2:      chequers_ecumenical_altar_island, uniq_crazy_yiuf_cottage
D:3:      minmay_diamond_boxcup
D:4:      minitemple, uniq_pikel, uniq_blork_the_orc, uniq_menkaure,
          uniq_sigmund, uniq_duvessa, uniq_grinder
D:5:      nicolae_overflow_hidden_temple, first_bread
D:6:      grunt_gozag_breadcrumbs
D:7:      old_standard_altar
D:8:      lemuel_round_altar, uniq_joseph
D:9:      uniq_erolcha
D:10:     erik_lair_dragon, serial_shops, kennysheep_mini_moat, uniq_sonja
D:11:     hangedman_pestilent_swarm

Skill      XL: |  1  2  3  4  5  6  7  8  9 10 |
---------------+-------------------------------+-----
Fire Magic     | 4 5 6 7 8 |  8.5
Spellcasting   | 4 5 6 7 |  7.3
Conjurations   | 2 3 4 5 |  5.5
Short Blades   | 4 6 |  6.0
Fighting       | 3 5 |  5.0
Evocations     | 5 |  5.0
Dodging        | 4 5 |  5.7
Stealth        | |  2.5

Action                   |  1- 3 |  4- 6 |  7- 9 | 10-12 || total
-------------------------+-------+-------+-------+-------++-------
Melee: Dagger            |     3 |       |   464 |    61 ||   528
 Cast: Flame Tongue      |    52 |    73 |    12 |     2 ||   139
       Sticky Flame      |       |     5 |     3 |       ||     8
       Fireball          |       |       |       |     3 ||     3
 Abil: Evoke Berserk Rag |       |       |     3 |       ||     3
  Use: Scroll            |       |     5 |    12 |     8 ||    25
       Potion            |       |       |     2 |     5 ||     7
  Eat: Chunk             |     2 |     2 |    16 |     3 ||    23
       Bread ration      |       |     1 |       |       ||     1
       Meat ration       |       |       |     1 |       ||     1
Armor: Robe              |     1 |     4 |       |     3 ||     8
       Plate armour      |       |       |   338 |    26 ||   364
Dodge: Dodged            |    17 |    25 |    13 |    19 ||    74
